 Dungeon Crawl Stone Soup version 0.24.0-13-gcf9b319 (webtiles) character file.

Game seed: 15855115552176785509, levelgen mode: deterministic

4530 Bronimir the Zephyrmancer (level 10, -6/53 HPs)
             Began as a Tengu Air Elementalist on Mar 26, 2020.
             Was a Believer of Vehumet.
             Mangled by a six-headed hydra (15 damage)
             ... on level 1 of the Lair of Beasts.
             The game lasted 00:28:07 (11961 turns).

Bronimir the Zephyrmancer (Tengu Air Elementalist) Turns: 11961, Time: 00:28:08

Health: -6/53      AC:  7    Str: 10    XL:     10   Next: 39%
Magic:  20/32      EV: 13    Int: 18    God:    Vehumet [**....]
Gold:   539        SH:  0    Dex: 14    Spells: 11/25 levels left

rFire    . . .     SeeInvis .   a - +4 spear
rCold    . . .     Gourm    .   (no shield)
rNeg     . . .     Faith    .   t - +0 ring mail
rPois    .         Spirit   .   (helmet restricted)
rElec    .         Reflect  .   P - +0 cloak
rCorr    .         Harm     .   (no gloves)
MR       .....                  (boots unavailable)
Stlth    +.........             (no amulet)
HPRegen  0.17/turn              f - ring of magical power
MPRegen  0.23/turn              (no ring)

@: flying quickly and evasively, quick
A: beak, talons 3, able to fly
a: Stop Flying, Renounce Religion


You were on level 1 of the Lair of Beasts.
You worshipped Vehumet.
Vehumet was pleased with you.
You were very hungry.

You visited 3 branches of the dungeon, and saw 12 of its levels.

You collected 539 gold pieces.

Inventory:

Hand Weapons
 a - a +4 spear (weapon)
 b - a +0 shortbow
 s - a +1 hand axe of pain
 A - a +0 trident
 B - a +0 hand axe
 S - a +0 quarterstaff
 U - a +0 hand crossbow
Missiles
 d - 360 stones (quivered)
 j - 63 poisoned darts
 F - 78 sling bullets
 L - 35 bolts
 R - 68 arrows
Armour
 t - a +0 ring mail (worn)
 P - a +0 cloak (worn)
Jewellery
 f - a ring of magical power (left hand)
 w - a +2 ring of strength
Wands
 o - a wand of paralysis (10)
 G - a wand of digging (2)
 J - a wand of polymorph (8)
 N - a wand of iceblast (7)
 O - a wand of acid (13)
 T - a wand of disintegration (24)
Scrolls
 i - 5 scrolls of identify
 p - a scroll of fear {unknown}
 r - a scroll of remove curse
 x - a scroll of amnesia
 y - 2 scrolls of fog {unknown}
 z - 4 scrolls of magic mapping {unknown}
 C - 3 scrolls of enchant armour {unknown}
 K - 4 scrolls of teleportation {unknown}
Potions
 e - a potion of cancellation {unknown}
 g - 4 potions of brilliance {unknown}
 h - 4 potions of heal wounds {unknown}
 l - 2 potions of berserk rage {unknown}
 q - a potion of magic {unknown}
 u - a potion of agility {unknown}
 v - 4 potions of haste {unknown}
 D - 4 potions of curing
 E - a potion of might {unknown}
 H - 3 potions of flight {unknown}
 I - a potion of invisibility {unknown}
 M - a potion of mutation {unknown}
Comestibles
 c - 18 rations


   Skills:
 + Level 1.8 Fighting
 + Level 0.7(0.8) Polearms
 + Level 0.2(0.5) Staves
   Level 2.5 Slings
 + Level 2.3 Bows
 * Level 5.7 Armour
 * Level 2.9 Dodging
 - Level 2.0 Stealth
 * Level 8.2 Spellcasting
 * Level 7.1 Conjurations
 * Level 2.2 Necromancy
 * Level 0.2 Ice Magic
 + Level 10.7 Air Magic


You had 11 spell levels left.
You knew the following spells:

 Your Spells              Type           Power        Failure   Level  Hunger
a - Shock                 Conj/Air       ####         1%          1    None
b - Swiftness             Chrm/Air       ####....     3%          2    None
c - Static Discharge      Conj/Air       #####...     1%          3    #......
d - Airstrike             Air            #####.....   2%          4    ###....
e - Freeze                Ice            #...         21%         1    None
f - Regeneration          Chrm/Necr      ##........   38%         3    #......

Your spell library contained the following spells:

 Spells                   Type           Power        Failure   Level  Hunger
 Lightning Bolt           Conj/Air       #####.....   16%         5    #####..
 Beastly Appendage        Tmut           #.....       22%         1    None
 Infusion                 Chrm           #...         22%         1    None
 Shroud of Golubria       Chrm/Tloc      #.....       32%         2    None
 Song of Slaying          Chrm           #.......     32%         2    None
 Confuse                  Hex            #.......     54%         3    #......
 Spectral Weapon          Hex/Chrm       #.......     54%         3    #......
 Cause Fear               Hex            #.........   91%         4    ###....
 Ice Form                 Ice/Tmut       #.......     91%         4    ###....


Dungeon Overview and Level Annotations

Branches:
Dungeon (10/15)            Temple (1/1) D:6            Lair (1/6) D:9
    Orc (0/2) D:9

Altars:
Ashenzari
Dithmenos
Elyvilon
Gozag
Makhleb
Qazlal
Sif Muna
Uskayaw
Vehumet
Xom
Yredelemnul
Zin

Shops:
D:5 (   D:8 (

Annotations:
D:6 1 runed translucent door, Smarticus's ghost, novice HOFi


Innate Abilities, Weirdness & Mutations

You have a beak for a mouth.
You have claws for feet.
You can fly continuously.


Message History

The six-headed hydra is heavily wounded.
You are feeling very hungry.
The six-headed hydra bites you! The six-headed hydra barely misses you.
The six-headed hydra bites you! The six-headed hydra bites you.
The six-headed hydra misses you. x2
Casting: Airstrike (safe; 2% risk of failure)
Confirm with . or Enter, or press ? or * to list all spells.
Aiming: Airstrike (safe; 2% risk of failure)
Press: ? - help, Dir - move target cursor, f/p - six-headed hydra
Aim: a six-headed hydra (heavily wounded)
The air twists around and strikes the six-headed hydra!
The six-headed hydra is heavily wounded.
The six-headed hydra bites you!
* * * LOW HITPOINT WARNING * * *
The six-headed hydra bites you but does no damage.
The six-headed hydra closely misses you.
The six-headed hydra bites you.
* * * LOW HITPOINT WARNING * * *
The six-headed hydra bites you!
You die...

#.<............#...#.#...
#.....######...#...#....
#.....# #...##.#..+
#.....# #.........#
#.....# #.........#.
#.....# #.............
#.....# #....#####P###
#.....# ##....## ##
#...@..# ##..D.## #....#
#...... .........
≈.......... ≈≈≈≈.........
≈≈≈≈≈≈........


You could see a six-headed hydra.

Vanquished Creatures
  A komodo dragon (D:9)
  Sigmund (D:2)
  A spriggan (D:9)
  Menkaure (D:5)
  A water moccasin (D:8)
  4 orc warriors
  An ice beast (D:6)
  4 ogres
  3 sky beasts
  A centaur (D:6)
  6 bullfrogs
  3 scorpions
  A water moccasin skeleton (D:5)
  9 wights
  4 howler monkeys
  3 crimson imps
  4 jellies
  2 quasits (D:7)
  3 hounds
  4 orc priests
  4 bullfrog skeletons
  4 orc wizards
  8 iguanas
  11 worker ants
  2 hound zombies
  A hound skeleton (D:8)
  A worker ant zombie (D:7)
  Robin (D:4)
  2 gnolls (D:10)
  13 adders
  An adder zombie (D:5)
  An ooze (D:3)
  2 worms (D:4)
  A dart slug (D:1)
  5 leopard geckos
  27 orcs
  4 ball pythons
  5 bats
  3 giant cockroaches
  8 goblins
  8 hobgoblins
  11 jackals
  7 quokkas
  5 frilled lizards
  A jackal zombie (D:6)
  3 kobolds
  A leopard gecko zombie (D:8)
  A quokka skeleton (D:6)
  4 rats
  A plant (D:9)
203 creatures vanquished.

Vanquished Creatures (others)
  A plant (D:9)
1 creature vanquished.

Grand Total: 204 creatures vanquished

Notes
Turn   | Place    | Note
-------+----------+-------------------------------------------
     0 | D:1      | Bronimir the Tengu Air Elementalist began the quest for the
                  | Orb.
     0 | D:1      | Reached XP level 1. HP: 10/10 MP: 4/4
   210 | D:1      | Reached XP level 2. HP: 15/15 MP: 6/6
   233 | D:1      | Learned a level 2 spell: Swiftness
   506 | D:1      | Reached skill level 5 in Air Magic
   533 | D:1      | You fall into a shaft and drop 1 floor!
   626 | D:2      | Reached XP level 3. HP: 7/19 MP: 7/7
   802 | D:2      | Learned a level 3 spell: Static Discharge
  1186 | D:2      | Noticed Sigmund
  1381 | D:1      | You fall into a shaft and drop 1 floor!
  1921 | D:2      | Killed Sigmund
  1921 | D:2      | Reached skill level 1 in Slings
  1921 | D:2      | Reached XP level 4. HP: 13/24 MP: 3/9
  1921 | D:2      | Gained mutation: You can fly continuously. [Tengu growth]
  1921 | D:2      | Reached XP level 5. HP: 16/28 MP: 3/10
  2094 | D:3      | Reached XP level 6. HP: 33/33 MP: 11/11
  2300 | D:3      | Found a basalt altar of Yredelemnul.
  2310 | D:3      | Reached skill level 6 in Air Magic
  2527 | D:3      | Learned a level 4 spell: Airstrike
  2939 | D:3      | Found a hide-covered altar of Uskayaw.
  3863 | D:4      | Reached skill level 1 in Fighting
  3962 | D:4      | Noticed Robin
  3977 | D:4      | Killed Robin
  4561 | D:4      | Reached XP level 7. HP: 38/38 MP: 13/13
  4764 | D:5      | Entered Level 5 of the Dungeon
  4839 | D:5      | Noticed Menkaure
  4843 | D:5      | Killed Menkaure
  5433 | D:5      | Found a shadowy altar of Dithmenos.
  5449 | D:5      | Reached skill level 7 in Air Magic
  5515 | D:5      | Reached XP level 8. HP: 37/44 MP: 2/15
  5771 | D:5      | Found Diymas's Antique Weapon Boutique.
  5985 | D:5      | Reached skill level 5 in Spellcasting
  6609 | D:6      | Reached skill level 8 in Air Magic
  6843 | D:6      | Reached skill level 5 in Conjurations
  7197 | D:6      | Identified the Papyrus of the Fifty Runes
  7254 | D:6      | Reached XP level 9. HP: 48/48 MP: 19/19
  7528 | D:6      | Found a staircase to the Ecumenical Temple.
  7538 | Temple   | Entered the Ecumenical Temple
  7547 | Temple   | Became a worshipper of Vehumet
  7651 | D:6      | Found an opulent altar of Gozag.
  7677 | D:6      | Found a runed translucent door.
  7677 | D:6      | Found a shimmering altar of Xom.
  7677 | D:6      | Noticed a +1 dagger of chaos
  7677 | D:6      | Noticed Smarticus's ghost (novice HOFi)
  7700 | D:7      | Reached skill level 9 in Air Magic
  8741 | D:7      | Reached * piety under Vehumet
  8741 | D:7      | Offered knowledge of Sandblast by Vehumet.
  8744 | D:7      | Learned a level 1 spell: Sandblast
  9184 | D:8      | Learned a level 3 spell: Regeneration
  9206 | D:8      | Reached skill level 10 in Air Magic
  9551 | D:8      | Found a white marble altar of Elyvilon.
  9704 | D:8      | Found Paaroleck's Antique Weapon Boutique.
  9862 | D:8      | Reached skill level 1 in Necromancy
 10015 | D:8      | Found a shattered altar of Ashenzari.
 10022 | D:8      | Reached skill level 5 in Armour
 10022 | D:8      | Reached XP level 10. HP: 52/53 MP: 22/22
 10027 | D:8      | Reached skill level 1 in Bows
 10456 | D:9      | Found a staircase to the Lair.
 10710 | D:9      | Found a shimmering altar of Xom.
 11024 | D:9      | Found a stormy altar of Qazlal.
 11115 | D:9      | Found a staircase to the Orcish Mines.
 11250 | D:9      | Offered knowledge of Freeze by Vehumet.
 11255 | D:9      | Reached ** piety under Vehumet
 11406 | D:9      | Learned a level 1 spell: Freeze
 11713 | D:10     | Entered Level 10 of the Dungeon
 11932 | Lair:1   | Entered Level 1 of the Lair of Beasts
 11956 | Lair:1   | Noticed a six-headed hydra
 11961 | Lair:1   | Mangled by a six-headed hydra

Levels and vault maps discovered:
D:1:      minmay_arrival_nine_rooms, layout_rooms
D:2:      layout_loops_corners, nicolae_overflow_hidden_temple,
          corexii_hall_statues_l, chequers_serial_rivers_marsh, uniq_sigmund
D:3:      layout_basic, lemuel_doored_altar, lemuel_crystal_altar
D:4:      layout_loops_corners, first_ration, uniq_robin
D:5:      layout_loops_ring, nicolae_dithmenos_through_a_glass_darkly,
          serial_shops, shop_statue, uniq_menkaure
D:6:      layout_rooms, nicolae_overflow_crystal_walls,
          minmay_temple_entry_antechambers, ebering_ghost_xom
D:7:      layout_loops_ring
D:8:      layout_loops_ring, cheibrodos_ashenzari_chains, marbit_many_paths,
          serial_shops, nicolae_shop_behind_doors
D:9:      layout_basic, david_lair_shrubbed, orc_0_dummy, basic_altar,
          grunt_pizzeria, brannock_xom_greatest_gift
D:10:     layout_roguey, lemuel_angel_altar, uniq_maurice
Temple:   eino_wide_crystal_templ
Lair:1:   wander_river, layout_chaotic_city, hellmonk_ghost_happy_afterlife

Skill      XL: |  1  2  3  4  5  6  7  8  9 10 |
---------------+-------------------------------+-----
Air Magic      | 5 6 7 8 10 | 10.7
Slings         | 1 2 |  2.5
Armour         | 2 3 4 5 |  5.7
Conjurations   | 2 3 4 5 6 7 |  7.1
Spellcasting   | 3 4 6 7 8 |  8.2
Fighting       | 1 |  1.8
Necromancy     | 1 2 |  2.2
Bows           | 2 |  2.3
Polearms       | |  0.7
Staves         | |  0.2
Dodging        | |  2.9
Stealth        | |  2.0
Ice Magic      | |  0.2

Action                   |  1- 3 |  4- 6 |  7- 9 | 10-12 || total
-------------------------+-------+-------+-------+-------++-------
Melee: Club              |     8 |       |       |       ||     8
       Kick              |     3 |       |     4 |    11 ||    18
       Quarterstaff      |     2 |       |       |       ||     2
       Spear             |       |       |    26 |    22 ||    48
       Peck              |       |       |     7 |     8 ||    15
 Fire: Hunting sling     |    10 |    46 |    36 |       ||    92
       Shortbow          |       |       |    17 |    17 ||    34
 Cast: Shock             |    69 |    49 |   105 |    22 ||   245
       Static Discharge  |     1 |    11 |    24 |    11 ||    47
       Airstrike         |       |     4 |    91 |    42 ||   137
 Abil: Fly               |       |     1 |       |       ||     1
  Use: Potion            |     1 |       |       |       ||     1
       Scroll            |       |       |     1 |     3 ||     4
 Stab: Distracted        |       |       |     1 |       ||     1
  Eat: Chunk             |     4 |     7 |    25 |     9 ||    45
       Ration            |       |     1 |     2 |       ||     3
Armor: Robe              |     4 |       |       |       ||     4
       Leather armour    |     3 |     4 |     8 |       ||    15
       Ring mail         |       |       |       |     2 ||     2
Dodge: Dodged            |    36 |    23 |    60 |     9 ||   128
